Map: Emerald City LE

Players

Neku - Winner!

  • Race: Zerg Zerg
  • Spawn Location: 5:00

Ceasar - Winner!

  • Race: Protoss Protoss
  • League: Diamond
  • Spawn Location: 5:00

qqq

  • Race: Zerg Zerg
  • Spawn Location: 11:00

Massa

  • Race: Terran Terran
  • Spawn Location: 11:00

VOD

Have the link to the VOD?

Description

Time

  • Played on: Jan. 26, 2021, 12:10 p.m.
  • Length: 11:13
Show
View Real Time Build Order
Export as new Build Order

Neku Zerg - Winner!

Build Orders: Pool First 

Get SALT Encoding   

  12  0:00  Drone  
  13  0:12  Drone  
  14  0:26  Spawning Pool  
  13  0:33  Overlord  
  13  0:37  Drone  
  14  0:45  Extractor  
  14  0:48  Drone  
  14  1:12  Zergling x4  
  14  1:13  Zergling x2  
  17  1:24  Zergling x2  
  18  1:29  Hatchery  
  17  1:37  Zergling x2  
  18  1:45  Metabolic Boost  
  18  1:51  Drone  
  19  1:59  Drone  
  20  2:07  Drone  
  21  2:18  Drone  
  22  2:28  Overlord  
  22  2:41  Queen  
  22  2:43  Drone x2  
  25  2:49  Queen  
  27  2:52  Drone  
  28  3:12  Overlord  
  28  3:28  Hatchery  
  28  3:29  Drone  
  28  3:30  Drone x5  
  33  3:42  Overlord  
  33  3:43  Drone  
  34  3:50  Drone x2  
  36  4:00  Overlord  
  34  4:11  Zergling x2  
  34  4:12  Zergling x6  
  34  4:16  Spine Crawler  
  35  4:17  Zergling x2  
  35  4:18  Zergling x4  
  38  4:25  Zergling x2  
  39  4:38  Zergling x4  
  34  4:44  Zergling x4  
  34  4:45  Queen, Zergling x8  
  33  5:00  Zergling x10  
  35  5:13  Lair  
  34  5:15  Drone x2  
  34  5:16  Drone, Baneling Nest  
  34  5:17  Drone x2  
  38  5:27  Drone x3  
  41  5:34  Drone x2  
  41  5:35  Drone  
  44  5:41  Drone x2  
  46  5:46  Drone x2  
  46  5:47  Drone  
  45  5:53  Zergling x2  
  45  5:54  Zergling x4  
  43  6:05  Zergling x2  
  43  6:06  Zergling x8  
  43  6:10  Drone x2  
  50  6:22  Extractor  
  50  6:24  Queen  
  50  6:25  Extractor x2  
  49  6:26  Drone  
  49  6:29  Overlord  
  49  6:31  Overlord  
  50  6:40  Overlord  
  50  6:47  Queen  
  50  6:54  Drone x4  
  53  6:57  Drone x3, Spire  
  53  6:58  Drone x2  
  53  7:00  Drone x3  
  63  7:06  Drone x2  
  65  7:11  Drone x5  
  70  7:26  Drone x4  
  74  7:30  Overlord x4  
  73  7:45  Overlord x2  
  73  7:46  Overlord x2  
  73  8:00  Evolution Chamber  
  73  8:01  Evolution Chamber  
  73  8:03  Spine Crawler  
  70  8:10  Mutalisk  
  70  8:11  Mutalisk x6  
  84  8:18  Extractor x2  
  81  8:22  Zergling x6  
  81  8:23  Zergling x2  
  83  8:28  Hatchery  
  83  8:29  Mutalisk x2  
  83  8:36  Mutalisk  
  85  8:46  Overlord x4  
  85  8:48  Drone x8  
  88  9:00  Spore Crawler  
  86  9:05  Spore Crawler x2  
  86  9:07  Spore Crawler  
  83  9:12  Overseer x2  
  83  9:13  Pneumatized Carapace  
  83  9:18  Zerg Flyer Weapons Level 1  
  83  9:20  Zergling x2  
  83  9:21  Zergling x20  
  94  9:26  Drone  
  95  9:39  Zergling x2  
  95  9:40  Zergling x14  
  99  9:47  Mutalisk  
  99  9:48  Mutalisk x4  
  108  9:55  Drone x4  
  108  9:56  Extractor  
  111  10:05  Extractor  
  110  10:07  Drone  
  110  10:08  Drone x2  
  113  10:16  Drone, Spore Crawler  
  113  10:17  Infestation Pit  
  113  10:19  Spore Crawler  
  111  10:24  Drone x6  
  117  10:29  Mutalisk  
  117  10:30  Mutalisk x3  
  125  10:40  Mutalisk x2  
  126  10:54  Zergling x2  
  126  10:55  Zergling x24  
Show
View Real Time Build Order
Export as new Build Order

Ceasar Protoss - Winner!

Build Orders: 1 Gate Expand, Mass Adepts 

Get SALT Encoding   

  12  0:00  Probe  
  13  0:12  Probe  
  14  0:16  Pylon  
  14  0:24  Probe  
  15  0:35  Gateway  
  15  0:43  Assimilator  
  15  0:44  Probe (Chrono Boost)  
  16  0:52  Probe (Chrono Boost)  
  17  0:58  Probe  
  18  1:15  Probe  
  19  1:22  Cybernetics Core  
  19  1:27  Probe  
  20  1:39  Nexus  
  20  1:43  Pylon  
  20  1:46  Probe  
  21  2:01  Gateway  
  21  2:05  Gateway  
  21  2:08  Warp Gate  
  21  2:13  Probe  
  22  2:23  Gateway  
  22  2:28  Probe  
  23  2:30  Assimilator  
  23  2:38  Pylon  
  23  2:40  Probe  
  24  2:44  Adept (Chrono Boost)  
  26  2:54  Probe x2  
  28  3:04  Twilight Council  
  28  3:09  Probe x2  
  30  3:21  Probe x2  
  32  3:31  Adept (Chrono Boost)  
  32  3:32  Adept (Chrono Boost)  
  32  3:33  Probe x2  
  38  3:43  Shield Battery  
  38  3:45  Probe (Chrono Boost)  
  40  3:51  Probe (Chrono Boost)  
  41  3:55  Probe (Chrono Boost)  
  41  3:59  Probe (Chrono Boost)  
  41  4:00  Probe (Chrono Boost)  
  41  4:02  Adept x3  
  49  4:08  Resonating Glaives (Chrono Boost)  
  50  4:10  Probe  
  50  4:12  Probe  
  50  4:14  Adept  
  53  4:21  Pylon  
  53  4:23  Probe  
  54  4:32  Probe  
  49  4:39  Adept x4  
  51  4:57  Probe x2  
  53  5:03  Adept x4  
  59  5:20  Probe x2  
  61  5:31  Pylon x2  
  61  5:32  Probe  
  61  5:34  Assimilator  
  62  5:36  Assimilator  
  62  5:39  Nexus  
  62  5:41  Pylon  
  62  5:49  Probe  
  59  6:18  Pylon  
  47  6:20  Pylon, Stargate  
  47  6:21  Probe x2, Adept  
  47  6:22  Adept x3  
  47  6:23  Stargate  
  57  6:35  Probe x2 (Chrono Boost)  
  59  6:46  Pylon  
  61  6:47  Probe x2 (Chrono Boost)  
  61  6:52  Probe (Chrono Boost)  
  61  6:54  Adept x4  
  64  6:56  Probe  
  64  6:58  Probe  
  72  7:02  Probe (Chrono Boost)  
  73  7:08  Probe (Chrono Boost)  
  73  7:10  Probe (Chrono Boost)  
  73  7:14  Probe (Chrono Boost)  
  76  7:17  Phoenix x2 (Chrono Boost)  
  76  7:19  Probe x2 (Chrono Boost)  
  82  7:25  Shield Battery x2  
  82  7:28  Assimilator  
  82  7:29  Assimilator, Adept x2  
  86  7:31  Probe x2  
  88  7:40  Adept x2  
  88  7:53  Adept x2  
  88  7:57  Phoenix x2 (Chrono Boost)  
  74  8:15  Probe x3  
  74  8:20  Phoenix x2 (Chrono Boost)  
  74  8:22  Adept x4  
  86  8:27  Probe x2  
  86  8:33  Nexus  
  88  8:36  Pylon  
  75  8:58  Nexus  
  75  9:00  Probe x2  
  77  9:09  Adept x4  
  85  9:14  Phoenix (Chrono Boost)  
  85  9:15  Robotics Facility  
  87  9:19  Phoenix (Chrono Boost)  
  89  9:28  Probe x2  
  91  9:40  Probe  
  91  9:41  Probe  
  91  10:06  Phoenix x2 (Chrono Boost)  
  93  10:12  Adept x4  
  99  10:23  Probe x2  
  99  10:24  Probe  
  102  10:33  Nexus  
  102  10:35  Probe  
  102  10:36  Probe x2, Pylon  
  105  10:48  Probe  
Show
View Real Time Build Order
Export as new Build Order

qqq Zerg 

Build Orders: Hatch First 

Get SALT Encoding   

  12  0:01  Drone  
  13  0:08  Drone  
  14  0:19  Overlord  
  14  0:45  Hatchery  
  14  0:49  Drone  
  14  0:52  Drone  
  16  0:57  Drone  
  16  1:04  Drone  
  17  1:22  Spawning Pool  
  17  1:23  Extractor  
  17  1:24  Drone  
  16  1:30  Drone  
  17  1:36  Overlord  
  17  1:43  Drone  
  18  1:56  Drone  
  18  1:58  Drone  
  20  2:08  Zergling x2  
  20  2:09  Zergling x2  
  20  2:10  Queen  
  25  2:15  Zergling x2  
  25  2:21  Zergling x2  
  25  2:26  Zergling x2  
  26  2:37  Zergling x2  
  26  2:38  Zergling x2  
  26  2:41  Metabolic Boost  
  28  2:48  Zergling x2  
  28  2:49  Drone  
  28  2:51  Queen  
  32  2:54  Drone  
  33  3:04  Baneling Nest  
  33  3:05  Drone  
  33  3:08  Drone  
  34  3:19  Overlord  
  34  3:22  Zergling x4  
  35  3:30  Drone  
  36  3:35  Overlord  
  36  3:39  Zergling x2  
  37  3:42  Drone  
  37  3:43  Drone  
  39  3:50  Baneling x3  
  39  3:56  Baneling  
  39  3:59  Zergling x8  
  39  4:02  Zergling x2  
  40  4:13  Zergling x4  
  40  4:14  Queen  
  44  4:18  Zergling x2  
  44  4:20  Zergling x2  
  44  4:23  Drone  
  46  4:36  Zergling x2  
  46  4:37  Zergling x6  
  48  4:40  Zergling x2  
  42  4:56  Zergling x2  
  42  4:57  Zergling x2  
  42  5:09  Lair  
  38  5:15  Drone x2  
  38  5:20  Zergling x2  
  38  5:21  Zergling x8  
  42  5:23  Drone  
  45  5:33  Spine Crawler  
  45  5:34  Zergling x2  
  45  5:35  Zergling x2  
  46  5:50  Zergling x4  
  46  5:51  Zergling x4  
  46  5:52  Zergling x6  
  43  6:08  Zergling x2  
  43  6:09  Zergling x6  
  41  6:12  Zergling x6  
  41  6:16  Spire  
  40  6:19  Drone x2, Zergling x2  
  40  6:20  Zergling x2  
  44  6:27  Baneling x2  
  44  6:28  Baneling  
  44  6:29  Baneling x2  
  44  6:32  Overlord x2  
  44  6:44  Hatchery, Drone  
  44  6:47  Extractor, Drone  
  43  6:51  Drone  
  43  6:52  Drone x2  
  43  6:53  Drone x2  
  49  6:56  Drone, Extractor  
  49  6:57  Extractor  
  49  6:58  Drone  
  49  7:02  Zergling x2  
  49  7:05  Zergling x2  
  51  7:10  Drone x2  
  51  7:11  Zergling x2  
  54  7:16  Zergling x2  
  54  7:17  Baneling x3  
  54  7:18  Drone  
  54  7:21  Baneling  
  54  7:22  Baneling x2  
  56  7:24  Zergling x2  
  56  7:25  Drone  
  56  7:27  Drone  
  59  7:33  Overlord  
  59  7:34  Overlord  
  59  7:37  Zergling x2  
  58  7:55  Zergling x2  
  58  7:56  Mutalisk x2, Zergling x4  
  58  7:58  Zergling x4  
  63  8:04  Corruptor  
  56  8:17  Zergling x4, Corruptor  
  56  8:19  Drone x3  
  61  8:20  Zergling x2  
  62  8:29  Zergling x2  
  62  8:30  Drone  
  62  8:33  Drone x3  
  62  8:34  Queen  
  68  8:42  Drone  
  68  8:43  Mutalisk  
  69  8:53  Spore Crawler  
  61  8:56  Hatchery, Corruptor  
  61  8:57  Infestation Pit  
  61  8:58  Drone x3  
  61  9:00  Extractor  
  61  9:06  Corruptor  
  61  9:09  Drone x2  
  65  9:10  Drone  
  65  9:14  Spore Crawler  
  62  9:27  Drone x3  
  62  9:28  Drone  
  62  9:31  Corruptor  
  68  9:43  Corruptor  
  67  9:52  Corruptor  
  68  9:53  Queen  
  68  9:57  Spore Crawler  
  68  9:59  Corruptor  
  66  10:01  Drone x4  
  66  10:04  Drone x3  
  69  10:10  Drone  
  69  10:12  Corruptor  
  72  10:22  Drone  
  73  10:33  Overlord x5  
Show
View Real Time Build Order
Export as new Build Order

Massa Terran 

Build Orders:  

Get SALT Encoding   

  12  0:00  SCV  
  13  0:12  SCV  
  14  0:23  Supply Depot  
  14  0:24  SCV  
  15  0:45  SCV  
  15  0:46  Barracks  
  16  0:50  Refinery  
  16  0:57  SCV  
  17  1:09  SCV  
  18  1:23  Barracks  
  18  1:27  Supply Depot  
  18  1:30  Barracks  
  18  1:32  SCV  
  19  1:44  Marine  
  20  1:54  Orbital Command  
  20  2:02  Marine  
  21  2:13  Marine  
  22  2:18  Marine  
  22  2:20  Marine  
  22  2:21  Bunker  
  24  2:31  Marine  
  24  2:36  Marine  
  26  2:38  Marine  
  26  2:48  Marine  
  27  2:53  Marine  
  27  2:56  Marine  
  29  3:06  Marine  
  29  3:11  Command Center  
  30  3:27  Factory  
  30  3:31  Barracks Tech Lab  
  30  3:38  Barracks Reactor  
  29  4:06  Stimpack  
  29  4:11  Factory Tech Lab, SCV  
  30  4:19  Marine  
  30  4:22  Marine x3  
  30  4:24  SCV  
  35  4:26  Supply Depot  
  35  4:27  Supply Depot  
  34  4:36  SCV  
  34  4:37  Marine  
  35  4:48  SCV  
  31  5:07  Marauder, Marine x2  
  27  5:08  Marine  
  27  5:13  Siege Tank  
  35  5:21  Orbital Command  
  35  5:22  SCV  
  35  5:24  Marine  
  35  5:25  Marine x2  
  39  5:29  Marauder  
  39  5:30  Starport  
  39  5:34  SCV  
  42  5:41  Bunker  
  42  5:42  Bunker, Marine  
  42  5:46  SCV  
  36  5:50  Marauder  
  36  5:52  Bunker  
  34  6:09  Marine x3  
  37  6:11  SCV  
  37  6:12  SCV, Marauder  
  41  6:26  Marine  
  41  6:27  Refinery, Marine x2  
  41  6:28  Starport Tech Lab  
  41  6:29  Refinery  
  44  6:33  Refinery, Marauder  
  44  6:38  SCV x2  
  48  6:44  Marine  
  49  6:48  Combat Shield  
  49  6:50  SCV x2  
  51  6:54  Marauder  
  53  7:02  SCV x2  
  53  7:07  Marine x3  
  58  7:10  Siege Tank  
  58  7:14  SCV  
  62  7:20  Supply Depot  
  62  7:22  Engineering Bay  
  62  7:30  Supply Depot  
  62  7:41  Banshee, Marine x2, SCV  
  62  7:42  Marauder  
  70  7:51  Marine  
  71  7:59  Marine  
  71  8:03  Marauder  
  74  8:10  Cyclone  
  74  8:11  Marine  
  78  8:13  Marine  
  78  8:17  Marine  
  75  8:24  Marauder  
  77  8:28  Marine  
  77  8:31  Marine  
  76  8:35  Marine  
  77  8:46  Marauder, Marine  
  71  8:50  Marine  
  71  8:52  Marine  
  59  8:57  SCV x2, Missile Turret  
  59  9:00  Missile Turret  
  56  9:04  Marine  
  56  9:07  Marauder, Marine  
  56  9:09  SCV x2  
  59  9:15  Missile Turret  
  57  9:20  Missile Turret  
  57  9:21  SCV x2  
  59  9:28  Marine x2  
  59  9:29  Marauder, Marine  
  64  9:33  SCV x2  
  66  9:41  Armory  
  66  9:45  Medivac  
  68  9:46  Marine x2  
  68  9:47  Marine  
  68  9:50  Marauder  
  72  10:06  Marine x3  
  75  10:11  Marauder  
  75  10:12  Command Center  
  77  10:21  Supply Depot  
  77  10:23  Marine, Supply Depot  
  78  10:42  Marine  
  77  10:43  Marauder, Medivac  
  70  10:55  Marine x2  
Tags
 
Add a new tag
Caveats
  • Supply blocks, unpowered buildings, or Contaminate may cause inaccurate times.
  • Supply counts are checked every 10 seconds.